 Dungeon Crawl Stone Soup version 0.29-a0-121-g8efb068a30 (webtiles) character file.

Game seed: 8318925219864158115

51 Gargoyl the Skirmisher (level 3, -5/36 HPs)
             Began as a Gargoyle Abyssal Knight on Feb 20, 2022.
             Was a Follower of Lugonu.
             Slain by a gnoll (7 damage)
             ... on level 2 of the Dungeon.
             The game lasted 00:01:57 (2134 turns).

Gargoyl the Skirmisher (Gargoyle Abyssal Knight)    Turns: 2134, Time: 00:01:57

Health: -5/36      AC: 21    Str: 18    XL:     3   Next: 81%
Magic:  4/4        EV:  2    Int: 10    God:    Lugonu [*.....]
Gold:   50         SH:  0    Dex: 10    Spells: 2/2 levels left

rFire   . . .      SeeInvis .   a - +1 hand axe
rCold   . . .      Faith    .   (no shield)
rNeg    + . .      Spirit   .   (armour currently unavailable)
rPois   ∞          Reflect  .   (helmet currently unavailable)
rElec   .          Harm     .   (cloak currently unavailable)
rCorr   .          Rampage  .   (gloves currently unavailable)
Will    .....      NoTele   +   (boots currently unavailable)
Stlth   +.........              (no amulet)
HPRegen 0.12/turn               (no ring)
MPRegen 0.09/turn               (no ring)

@: mighty, tree-form
A: stationary, stasis, torment immunity, boosted hp, sickness immunity, AC +3,
negative energy resistance 1, (electricity resistance), torment resistance 1,
petrification resistance
a: Renounce Religion, Depart the Abyss


You were on level 2 of the Dungeon.
You worshipped Lugonu.
Lugonu was aware of your devotion.
You were a tree.
You visited 1 branch of the dungeon, and saw 2 of its levels.
You visited the Abyss 1 time.

You collected 50 gold pieces.

Inventory:

Hand Weapons
 a - a +1 hand axe (weapon)
Armour
 h - a +0 ring mail (melded)
 j - a +2 helmet (melded)
Scrolls
 b - a scroll of magic mapping
 g - 5 scrolls of identify


   Skills:
 + Level 3.6 Fighting
 + Level 2.8 Axes
 + Level 2.7 Armour
 + Level 0.7 Dodging
 + Level 0.6 Stealth
 + Level 2.2 Invocations


You had 2 spell levels left.
You didn't know any spells.
Your spell library contained the following spells:

 Spells                   Type           Power      Damage    Failure   Level
 Foxfire                  Conj/Fire      0%         2x1d4     36%         1


Dungeon Overview and Level Annotations

Branches:
Dungeon (2/15)

Altars:

Annotations:
D:2 1 runed translucent door, Crazy Yiuf


Innate Abilities, Weirdness & Mutations

You are a tree.
Your roots penetrate the ground, keeping you stationary.
You cannot be teleported.
You are immune to unholy pain and torment.
Your maximum health is greatly increased.
Your equipment is partially melded.
You are immune to sickness and miasma.
((Your stone body is resilient. (AC +3)))
You are immune to poison.
You resist negative energy. (rN+)
((You are resistant to electric shocks. (rElec)))
You are resistant to unholy torment.
You are immune to petrification.


Message History

The poisoned dart barely misses the gnoll.
The poisoned dart hits the gnoll.
The gnoll is poisoned.
The gnoll hits you but does no damage.
Throw: 4 darts (poison)
Press: ? - help, Q - select action, (/) - cycle Shift-Dir - straight line, f/p - gnoll
Aim: a gnoll, wielding a +0 halberd (60% to hit)
You throw a poisoned dart.
The poisoned dart closely misses the gnoll.
The poisoned dart hits the gnoll.
The gnoll looks even sicker.
The gnoll barely misses you.
Throw: 3 darts (poison)
Press: ? - help, Q - select action, (/) - cycle Shift-Dir - straight line, f/p - gnoll
Aim: a gnoll, wielding a +0 halberd (60% to hit)
You throw a poisoned dart.
The poisoned dart barely misses the gnoll.
The poisoned dart hits the gnoll.
The gnoll looks even sicker.
The gnoll hits you but does no damage.
Throw: 2 darts (poison)
Press: ? - help, Q - select action, (/) - cycle Shift-Dir - straight line, f/p - gnoll
Aim: a gnoll, wielding a +0 halberd (60% to hit)
You throw a poisoned dart.
The poisoned dart barely misses the gnoll.
The poisoned dart hits the gnoll.
The gnoll is moderately wounded.
The gnoll hits you from afar with a +0 halberd.
* * * LOW HITPOINT WARNING * * *
Unknown command.
Throw: dart (poison)
Press: ? - help, Q - select action, (/) - cycle Shift-Dir - straight line, f/p - gnoll
Aim: a gnoll, wielding a +0 halberd (60% to hit)
You throw a poisoned dart.
The poisoned dart closely misses the gnoll.
The poisoned dart barely misses the gnoll.
The poisoned dart hits the gnoll.
The gnoll is lightly wounded.
The gnoll hits you but does no damage.
The gnoll hits you from afar with a +0 halberd!
* * * LOW HITPOINT WARNING * * *
The gnoll hits you from afar with a +0 halberd!
You die...

*,,,≈≈≈,...........#.# #..#
#.. ***+***+#..........#.#
#..# #..
*,,,,,#..........#.# ##.#
##. ******#..........#.#
#.# #. *,**,...........#.#
#.# #. *,***############.#
#.# #. * *,* #.# ### ** *
*,*##############.# *
*,*#J.wJJggg.♣..#.#
####+##w##########.#.####♣♣
* #..g.g..# #.#......♣♣ ♣♣#
...J...†# #.#.......♣♣♣♣.+
........# #.#.#......♣..♣#
..w.....# #.#.##....♣.♣♣♣*
........# #.#.####♣♣♣♣♣
..!.....# #.#.# ........#
#.#.# ### #####


You could see a worm, 3 gnolls and 2 endoplasms.

Vanquished Creatures
  A gnoll (D:2)
  A dart slug (D:2)
  4 endoplasms
  A giant cockroach (D:1)
  3 goblins
  A hobgoblin (D:2)
  8 jackals
  4 ball pythons (D:1)
  2 bats (D:1)
  4 kobolds
  7 rats
36 creatures vanquished.

Vanquished Creatures (collateral kills)
  A giant cockroach (D:1)
1 creature vanquished.

Vanquished Creatures (others)
  A plant (D:1)
1 creature vanquished.

Grand Total: 38 creatures vanquished

Notes
Turn   | Place    | Note
-------+----------+-------------------------------------------
     0 | Abyss:1  | Gargoyl the Gargoyle Abyssal Knight began the quest for the
                  | Orb.
     0 | Abyss:1  | Reached XP level 1. HP: 14/14 MP: 2/2
     0 | D:1      | Escaped the Abyss
    60 | D:1      | Reached * piety under Lugonu
    62 | D:1      | Reached XP level 2. HP: 12/19 MP: 3/3
   912 | D:1      | Reached XP level 3. HP: 13/23 MP: 4/4
  1188 | D:1      | Found a faded altar of an unknown god.
  1193 | D:1      | Got Plato's Disquisition on Arcane Weapons
  1643 | D:2      | Found a runed translucent door.
  1644 | D:2      | Noticed Crazy Yiuf
  2134 | D:2      | Slain by a gnoll

Illustrated notes

Levels and vault maps discovered:
D:1:      kennysheep_arrival_seaside, layout_basic,
          shapermc_ecumenical_altar_rom_forum
D:2:      layout_basic, grunt_ministairs_7, corexii_corridor_pit,
          uniq_crazy_yiuf_cottage, uniq_terence, uniq_jessica

Skill      XL: |  1 |
---------------+----+-----
Axes           | 2 |  2.8
Fighting       | |  3.6
Armour         | |  2.7
Dodging        | |  0.7
Stealth        | |  0.6
Invocations    | |  2.2

Action                   || total
-------------------------++-------
Melee: Hand axe          ||    86
       Punch             ||     2
Throw: Dart              ||     5
Invok: Depart the Abyss  ||     1
  Use: Scroll            ||     5
       Potion            ||     3
Armor: Leather armour    ||    26
       Ring mail         ||    36
       Skin              ||     4
Dodge: Dodged            ||    72

Table legend: (Time is in decaauts)
 A = Elapsed time spent in this place.
 B = Non-inter-level travel time spent in this place.
 C = Inter-level travel time spent in this place.
 D = Time resting spent in this place.
 E = Time spent auto-exploring this place.
 F = Levels seen in this place.
 G = Mean time per level.
                   A        B        C        D        E       F      G
               +--------+--------+--------+--------+--------+-----+--------+
         Total |   2150 |   2123 |     27 |      0 |   1776 |   3 |  716.7 |
       Dungeon |   2150 |   2123 |     27 |      0 |   1776 |   2 | 1075.0 |
         Abyss |      0 |      0 |      0 |      0 |      0 |   1 |    0.0 |
               +--------+--------+--------+--------+--------+-----+--------+

Top non-repeatable levels by time:
     D:1: 1411 daAuts
     D:2: 738 daAuts
